Map: Ruins of Endion

Players

capac

  • Race: Terran Terran
  • League: Gold

Enoks - Winner!

  • Race: Protoss Protoss
  • League: Gold

VOD

Have the link to the VOD?

Description

Time

  • Played on: April 30, 2016, 11:16 a.m.
  • Length: 13:58
Show
View Real Time Build Order
Export as new Build Order

capac Terran 

Build Orders: Reaper Expand 

Get SALT Encoding   

  12  0:00  SCV  
  13  0:13  SCV  
  14  0:18  Supply Depot  
  14  0:25  SCV  
  15  0:39  SCV  
  15  0:41  Barracks  
  16  0:45  Refinery  
  16  0:51  SCV  
  17  1:04  SCV  
  18  1:16  SCV  
  19  1:28  Orbital Command  
  19  1:31  Reaper  
  20  1:50  Command Center  
  20  2:00  Supply Depot, SCV  
  21  2:03  Marine  
  22  2:16  Refinery  
  22  2:18  Factory  
  22  2:35  SCV  
  22  2:36  Barracks Reactor  
  23  2:39  Barracks  
  23  2:49  SCV  
  24  3:04  Starport  
  24  3:05  Factory Tech Lab  
  24  3:10  SCV  
  24  3:11  Orbital Command  
  25  3:14  Marine x2  
  27  3:24  Siege Tank  
  30  3:27  Barracks Tech Lab  
  30  3:32  SCV  
  31  3:42  SCV  
  31  3:44  Marine x2  
  31  3:46  Marine  
  35  3:51  Medivac  
  37  4:01  Marine, Stimpack  
  37  4:02  Marine  
  39  4:05  SCV x2  
  41  4:12  Marine  
  42  4:18  SCV x2  
  42  4:19  Marine  
  42  4:20  Marine  
  46  4:25  Starport Reactor  
  46  4:36  Supply Depot  
  46  4:37  Supply Depot  
  46  4:48  Engineering Bay  
  46  4:49  Barracks  
  46  4:52  Engineering Bay  
  46  4:57  Marine x3, SCV x2  
  51  5:00  Supply Depot  
  51  5:09  SCV x2  
  51  5:13  Siege Tank  
  56  5:15  Marine x3  
  59  5:22  SCV x2  
  59  5:23  Supply Depot  
  61  5:31  Medivac x2  
  61  5:34  SCV x2  
  61  5:35  Marine x2  
  69  5:42  Barracks Reactor  
  69  5:44  Barracks  
  69  5:49  Siege Tank  
  72  5:57  Marine x3  
  72  6:20  Terran Infantry Weapons Level 1  
  72  6:21  Missile Turret  
  72  6:26  Missile Turret  
  72  6:30  Missile Turret  
  72  6:32  Viking  
  74  6:43  Barracks Reactor  
  74  6:45  Barracks  
  74  6:51  Marine x4  
  78  6:56  Refinery  
  78  7:13  SCV  
  72  7:26  Marine x3  
  72  7:27  Marine x2  
  70  7:35  Barracks Reactor  
  65  7:39  Supply Depot  
  65  7:41  Terran Infantry Armor Level 1, Missile Turret  
  65  7:44  Supply Depot, Marine x4  
  65  7:45  Marine  
  65  8:04  Marine x4  
  65  8:05  Marine  
  69  8:09  SCV x2  
  69  8:11  Refinery  
  71  8:21  SCV x2  
  71  8:24  Marine x4  
  71  8:25  Marine  
  78  8:27  Liberator  
  78  8:28  Marine x2, Liberator, Missile Turret  
  78  8:29  Marine  
  81  8:38  Marine  
  82  8:42  Marine, Siege Tank  
  92  8:49  Supply Depot  
  92  8:54  Armory  
  92  8:58  Command Center  
  92  9:16  SCV x2  
  94  9:18  Marine x5  
  94  9:19  Marine x3  
  102  9:48  Supply Depot  
  102  9:51  Supply Depot  
  102  9:53  Marine x4, SCV x2, Medivac x2  
  102  9:54  Marauder  
  91  10:28  Marine x4  
  83  10:29  Marine x4  
  83  10:30  Marine  
  92  10:46  Marine  
  92  10:47  Marine x8  
  101  11:04  Marine x2  
  94  11:05  Marine x2  
  86  11:17  Marine x4  
  69  11:31  Marine x5  
  67  11:34  Marine  
  67  11:35  Marine x2  
  67  11:39  Marine  
  54  11:48  Marine  
  54  11:49  Marine x4  
  54  11:52  Marine x2  
  54  11:53  Marine  
  38  12:02  Marine  
  38  12:06  Marine x3  
  38  12:07  Marine x2  
  34  12:10  Marine x2  
Show
View Real Time Build Order
Export as new Build Order

Enoks Protoss - Winner!

Build Orders:  

Get SALT Encoding   

  12  0:02  Probe (Chrono Boost)  
  13  0:12  Probe (Chrono Boost)  
  14  0:18  Pylon  
  14  0:23  Probe (Chrono Boost)  
  15  0:36  Probe (Chrono Boost)  
  15  0:39  Gateway  
  16  0:47  Probe (Chrono Boost)  
  17  0:53  Assimilator  
  17  0:57  Probe (Chrono Boost)  
  18  1:08  Probe (Chrono Boost)  
  19  1:19  Probe (Chrono Boost)  
  20  1:27  Cybernetics Core  
  20  1:29  Probe (Chrono Boost)  
  22  1:40  Probe (Chrono Boost)  
  22  1:50  Probe (Chrono Boost)  
  23  1:55  Nexus  
  23  2:01  Pylon  
  23  2:08  Assimilator  
  23  2:19  Stalker (Chrono Boost)  
  23  2:21  Pylon  
  25  2:27  Pylon  
  25  2:39  Mothership Core  
  27  2:51  Stalker (Chrono Boost)  
  29  3:00  Probe  
  30  3:06  Robotics Facility  
  30  3:12  Probe  
  31  3:19  Probe  
  33  3:20  Adept (Chrono Boost)  
  33  3:24  Probe  
  35  3:28  Gateway  
  35  3:29  Probe  
  36  3:37  Gateway  
  36  3:39  Probe  
  36  3:40  Probe  
  38  3:51  Forge  
  38  3:55  Gateway  
  38  3:59  Observer  
  39  4:03  Warp Gate (Chrono Boost)  
  39  4:07  Probe x2 (Chrono Boost)  
  41  4:17  Adept  
  41  4:18  Probe (Chrono Boost)  
  41  4:19  Probe (Chrono Boost)  
  41  4:21  Observer  
  46  4:25  Adept  
  46  4:26  Adept  
  46  4:29  Probe x2 (Chrono Boost)  
  52  4:35  Pylon  
  52  4:37  Pylon  
  52  4:43  Warp Prism  
  54  4:57  Pylon  
  54  4:58  Probe x2 (Chrono Boost), Photon Cannon  
  56  5:08  Probe x2 (Chrono Boost)  
  56  5:13  Adept x2  
  56  5:14  Adept  
  64  5:38  Immortal  
  64  5:40  Adept x2  
  64  5:41  Adept  
  74  6:18  Assimilator  
  74  6:19  Assimilator  
  74  6:21  Gateway  
  74  6:23  Gateway  
  74  6:24  Gateway  
  74  6:26  Gateway  
  74  6:41  Adept x3  
  80  6:47  Pylon  
  80  6:49  Pylon  
  80  6:51  Pylon  
  80  6:52  Immortal  
  80  6:59  Nexus  
  80  7:19  Adept x3  
  86  7:34  Nexus  
  86  7:50  Pylon  
  76  8:20  Photon Cannon  
  76  8:21  Photon Cannon  
  76  8:24  Probe  
  76  8:25  Probe  
  77  8:34  Probe  
  77  8:37  Probe  
  77  8:40  Stalker x2  
  83  8:42  Adept x6  
  95  8:49  Immortal  
  99  8:57  Probe  
  99  8:58  Probe  
  99  8:59  Probe  
  102  9:08  Probe  
  102  9:09  Probe  
  103  9:11  Probe  
  103  9:15  Protoss Ground Armor Level 1  
  105  9:18  Probe  
  106  9:25  Twilight Council, Probe  
  106  9:26  Probe  
  106  9:29  Probe  
  109  9:32  Pylon  
  109  9:36  Probe  
  109  9:38  Stalker  
  112  9:39  Probe  
  112  9:40  Stalker  
  112  9:42  Stalker  
  117  9:46  Probe x2  
  117  9:51  Probe  
  120  9:55  Photon Cannon  
  120  9:57  Probe  
  120  9:58  Photon Cannon  
  121  10:04  Assimilator x2  
  115  10:08  Stalker  
  105  10:28  Probe  
  105  10:29  Probe  
  105  10:30  Probe  
  108  10:39  Probe x2, Immortal  
  108  10:42  Probe  
  111  10:46  Stalker x2  
  119  10:50  Probe x2  
  119  10:54  Probe  
  122  11:00  Probe  
  116  11:14  Adept  
  116  11:15  Adept x4  
  86  11:47  Adept  
  86  11:48  Adept x4  
  86  11:49  Adept  
  86  11:50  Adept  
  69  12:24  Stalker  
  69  12:25  Stalker, Adept  
  69  12:26  Adept x4  
  69  12:27  Probe x2  
  69  12:28  Probe  
  86  12:36  Immortal  
  86  12:37  Probe x2  
  86  12:40  Mothership Core  
  86  12:41  Pylon  
  94  12:44  Templar Archives  
  94  12:46  Sentry  
  94  12:47  Sentry  
  94  12:48  Adept x3  
  94  12:49  Adept x2  
  108  12:55  Nexus  
  108  13:11  Adept  
  108  13:12  Observer, Adept x3  
  116  13:17  Pylon  
  116  13:19  Pylon  
  117  13:23  Pylon  
  117  13:25  Pylon  
  117  13:26  Pylon  
  117  13:36  Pylon  
  117  13:37  Pylon  
  117  13:38  Pylon  
  117  13:40  Pylon  
  117  13:42  Pylon  
  109  13:52  Stalker  
  109  13:53  Stalker x5  
Tags
 
Add a new tag
Caveats
  • Supply blocks, unpowered buildings, or Contaminate may cause inaccurate times.
  • Supply counts are checked every 10 seconds.